[ AOE2 MATCH · #476669004 ]
UnrankedAztecs vs None
Player's team · LOSS
Rival team · WIN
[ REPLAY ANALYSIS · EXTRACTED FROM THE RECORDED GAME ]
Feudal
14:23
Castle
20:04
Imperial
35:32
| APM avg | 17.7 |
| APM peak | 38 |
| eAPM avg | 12.5 |
| Villagers / military | 164 / 238 |
Focus
⚔️ 21.6% · 🌾 78.4%
Eagle Scout ×237 · Monk ×1
Feudal
13:56
Castle
—
Imperial
—
| APM avg | 6.9 |
| APM peak | 42 |
| eAPM avg | 2.3 |
| Villagers / military | 29 / 0 |
Focus
⚔️ 3.1% · 🌾 96.9%
Feudal
14:08
Castle
18:14
Imperial
37:14
| APM avg | 16.7 |
| APM peak | 67 |
| eAPM avg | 10.9 |
| Villagers / military | 144 / 132 |
Focus
⚔️ 20.3% · 🌾 79.7%
Boyar ×126 · Monk ×6
Feudal
14:55
Castle
19:10
Imperial
43:21
| APM avg | 13.8 |
| APM peak | 39 |
| eAPM avg | 9.6 |
| Villagers / military | 129 / 56 |
Focus
⚔️ 18.9% · 🌾 81.1%
Knight ×40 · Scout Cavalry ×16
Feudal
13:39
Castle
20:34
Imperial
37:37
| APM avg | 33.6 |
| APM peak | 60 |
| eAPM avg | 18.5 |
| Villagers / military | 263 / 139 |
Focus
⚔️ 22.2% · 🌾 77.8%
Ballista Elephant ×85 · Battle Elephant ×30 · Battering Ram ×10 · Trebuchet (Packed) ×10 · Scout Cavalry ×3 · Monk ×1
Feudal
15:03
Castle
19:12
Imperial
—
| APM avg | 4.0 |
| APM peak | 20 |
| eAPM avg | 2.0 |
| Villagers / military | 14 / 0 |
Focus
⚔️ 10.6% · 🌾 89.4%
Feudal
15:34
Castle
20:44
Imperial
32:44
| APM avg | 25.3 |
| APM peak | 55 |
| eAPM avg | 17.2 |
| Villagers / military | 152 / 121 |
Focus
⚔️ 17.9% · 🌾 82.1%
Archer ×52 · Militia ×42 · Trade Cart ×31 · Composite Bowman ×16 · Scorpion ×10 · Monk ×1
Feudal
16:16
Castle
19:46
Imperial
41:06
| APM avg | 28.2 |
| APM peak | 78 |
| eAPM avg | 22.9 |
| Villagers / military | 348 / 180 |
Focus
⚔️ 18.0% · 🌾 82.0%
Konnik ×160 · Trade Cart ×20 · Scout Cavalry ×20
Match map
Initial resources + every placement click. Lines = walls · curves = elevation contours. ◆ gold · ⬟ stone · ● berries · ✦ relic · ◌ wall gap
Your base· Open — unwalled flank
A's base· Open — unwalled flank
FutileCrane's base· Open — unwalled flank
420Fighter's base· Open — unwalled flank
TheAoe2's base· Open — 13t gap
XCARLOSMATIAS's base· Open — 4t gap
Kingslayer's base· Open — 11t gap
AiM | Facu1414's base· Open — unwalled flank
Smoothed initial terrain · ◌ = detected wall gap · hover for details
Inputs per minute
— Fia Sare - - A
Build order — Fia Sare
First 150 of 398 actions detected
| 0:19 | Build | Town Center |
| 2:59 | Create | Villager (Male) ×4 |
| 3:00 | Create | Villager (Male) ×4 |
| 3:00 | Create | Villager (Male) ×4 |
| 3:06 | Build | House |
| 3:14 | Research | Loom |
| 3:35 | Create | Villager (Male) |
| 3:36 | Create | Villager (Male) |
| 3:36 | Create | Villager (Male) |
| 3:36 | Create | Villager (Male) |
| 3:36 | Create | Villager (Male) |
| 3:37 | Create | Villager (Male) |
| 3:44 | Build | House |
| 4:17 | Build | House |
| 6:16 | Build | House |
| 6:33 | Create | Villager (Male) |
| 6:33 | Create | Villager (Male) |
| 6:33 | Create | Villager (Male) |
| 6:33 | Create | Villager (Male) |
| 6:34 | Create | Villager (Male) |
| 6:53 | Build | House |
| 7:06 | Create | Villager (Male) |
| 7:06 | Create | Villager (Male) |
| 7:07 | Create | Villager (Male) |
| 7:36 | Create | Villager (Male) |
| 7:36 | Create | Villager (Male) |
| 7:51 | Create | Villager (Male) |
| 7:51 | Create | Villager (Male) |
| 7:51 | Create | Villager (Male) |
| 8:42 | Create | Villager (Male) |
| 8:42 | Create | Villager (Male) |
| 8:42 | Create | Villager (Male) |
| 8:45 | Build | House |
| 9:09 | Create | Villager (Male) |
| 9:09 | Create | Villager (Male) |
| 9:32 | Create | Villager (Male) |
| 9:33 | Create | Villager (Male) |
| 9:33 | Create | Villager (Male) |
| 9:33 | Create | Villager (Male) |
| 9:33 | Create | Villager (Male) |
| 9:52 | Create | Villager (Male) |
| 9:52 | Create | Villager (Male) |
| 10:28 | Build | Lumber Camp |
| 10:35 | Create | Villager (Male) |
| 10:36 | Create | Villager (Male) |
| 10:51 | Build | House |
| 11:20 | Build | Mining Camp |
| 12:13 | Research | Feudal Age |
| 12:13 | Research | Feudal Age |
| 12:20 | Build | Barracks |
| 12:26 | Build | House |
| 12:59 | Build | Mill |
| 13:52 | Build | House |
| 14:10 | Build | Palisade Wall |
| 14:23 | Age | Feudal Age |
| 14:30 | Create | Eagle Scout |
| 14:30 | Create | Eagle Scout |
| 14:37 | Build | Blacksmith |
| 14:38 | Create | Villager (Male) |
| 14:38 | Create | Villager (Male) |
| 15:12 | Create | Eagle Scout |
| 15:13 | Create | Villager (Male) |
| 15:41 | Research | Forging |
| 15:46 | Build | Market |
| 15:47 | Create | Villager (Male) |
| 16:24 | Create | Villager (Male) |
| 17:24 | Research | Castle Age |
| 17:24 | Research | Castle Age |
| 17:50 | Build | Farm |
| 17:51 | Build | Farm |
| 17:53 | Build | Farm |
| 17:55 | Build | Farm |
| 18:51 | Research | Double-Bit Axe |
| 19:00 | Build | Farm |
| 19:01 | Build | Farm |
| 19:27 | Create | Eagle Scout |
| 19:41 | Research | Horse Collar |
| 20:04 | Age | Castle Age |
| 20:06 | Create | Villager (Male) |
| 20:06 | Create | Villager (Male) |
| 20:06 | Create | Villager (Male) |
| 20:10 | Build | Town Center |
| 20:31 | Build | Monastery |
| 20:47 | Create | Villager (Male) |
| 20:47 | Create | Villager (Male) |
| 21:11 | Build | Mill |
| 21:19 | Create | Villager (Male) |
| 21:43 | Create | Villager (Male) |
| 21:43 | Create | Villager (Male) |
| 22:22 | Build | Town Center |
| 22:27 | Create | Monk |
| 22:30 | Create | Villager (Male) |
| 22:30 | Create | Villager (Male) |
| 22:36 | Build | Farm |
| 22:37 | Build | Farm |
| 22:38 | Build | Farm |
| 22:48 | Research | Bow Saw |
| 23:15 | Create | Villager (Male) |
| 23:15 | Create | Villager (Male) |
| 23:16 | Create | Villager (Male) |
| 24:05 | Create | Villager (Male) |
| 24:05 | Create | Villager (Male) |
| 24:06 | Create | Villager (Male) |
| 24:06 | Create | Villager (Male) |
| 24:06 | Create | Villager (Male) |
| 24:12 | Research | Heavy Plow |
| 24:17 | Build | Farm |
| 24:18 | Build | Farm |
| 24:19 | Build | Farm |
| 24:28 | Build | Farm |
| 24:29 | Build | Farm |
| 24:31 | Create | Villager (Male) |
| 24:36 | Create | Villager (Male) |
| 24:36 | Create | Villager (Male) |
| 24:49 | Create | Villager (Male) |
| 24:50 | Create | Villager (Male) |
| 24:50 | Create | Villager (Male) |
| 24:50 | Create | Villager (Male) |
| 25:03 | Build | Town Center |
| 25:12 | Create | Villager (Male) |
| 25:12 | Create | Villager (Male) |
| 25:12 | Create | Villager (Male) |
| 25:12 | Create | Villager (Male) |
| 25:12 | Create | Villager (Male) |
| 25:53 | Build | House |
| 25:53 | Build | House |
| 25:54 | Build | House |
| 25:55 | Build | House |
| 26:03 | Research | Wheelbarrow |
| 26:04 | Research | Town Watch |
| 26:08 | Build | House |
| 26:08 | Build | House |
| 26:22 | Build | Farm |
| 26:23 | Build | Farm |
| 26:25 | Build | Farm |
| 26:32 | Create | Villager (Male) |
| 26:32 | Create | Villager (Male) |
| 26:32 | Create | Villager (Male) |
| 26:32 | Create | Villager (Male) |
| 26:33 | Create | Villager (Male) |
| 26:33 | Create | Villager (Male) |
| 26:48 | Research | Gambesons |
| 26:58 | Build | Farm |
| 26:58 | Build | Farm |
| 26:59 | Build | Farm |
| 26:59 | Build | Farm |
| 26:59 | Build | Farm |
| 27:00 | Build | Farm |
| 27:16 | Create | Villager (Male) |
| 27:16 | Create | Villager (Male) |
Build order — A
46 actions detected in the replay
| 2:33 | Build | Town Center |
| 4:50 | Create | Villager (Male) |
| 4:50 | Create | Villager (Male) |
| 4:50 | Create | Villager (Male) |
| 4:51 | Create | Villager (Male) |
| 4:51 | Create | Villager (Male) |
| 4:51 | Create | Villager (Male) |
| 4:51 | Create | Villager (Male) |
| 4:59 | Build | House |
| 5:00 | Build | House |
| 5:02 | Build | House |
| 5:03 | Build | House |
| 7:07 | Create | Villager (Male) |
| 7:08 | Create | Villager (Male) |
| 7:08 | Create | Villager (Male) |
| 7:26 | Build | Lumber Camp |
| 7:52 | Create | Villager (Male) |
| 8:18 | Create | Villager (Male) |
| 8:19 | Create | Villager (Male) |
| 8:19 | Create | Villager (Male) |
| 9:05 | Create | Villager (Male) |
| 9:05 | Create | Villager (Male) |
| 10:52 | Build | Mill |
| 11:31 | Research | Feudal Age |
| 13:03 | Create | Villager (Male) |
| 13:03 | Create | Villager (Male) |
| 13:04 | Create | Villager (Male) |
| 13:04 | Create | Villager (Male) |
| 13:04 | Create | Villager (Male) |
| 13:05 | Create | Villager (Male) |
| 13:39 | Build | Mining Camp |
| 13:56 | Age | Feudal Age |
| 13:57 | Research | Double-Bit Axe |
| 13:59 | Research | Horse Collar |
| 14:00 | Create | Villager (Male) |
| 14:12 | Build | House |
| 14:21 | Build | House |
| 15:15 | Build | House |
| 15:17 | Build | House |
| 15:46 | Create | Villager (Male) |
| 15:46 | Create | Villager (Male) |
| 15:46 | Create | Villager (Male) |
| 15:47 | Create | Villager (Male) |
| 15:48 | Create | Villager (Male) |
| 15:48 | Create | Villager (Male) |
| 16:26 | Build | Barracks |
Build order — FutileCrane
First 150 of 385 actions detected
| 1:39 | Build | Town Center |
| 3:50 | Create | Villager (Male) |
| 3:50 | Create | Villager (Male) |
| 3:51 | Create | Villager (Male) |
| 3:51 | Create | Villager (Male) |
| 3:59 | Build | House |
| 4:00 | Build | House |
| 4:00 | Build | House |
| 4:01 | Build | House |
| 4:49 | Research | Loom |
| 4:50 | Create | Villager (Male) |
| 4:50 | Create | Villager (Male) |
| 4:50 | Create | Villager (Male) |
| 4:50 | Create | Villager (Male) |
| 5:18 | Build | Lumber Camp |
| 6:13 | Create | Villager (Male) |
| 6:13 | Create | Villager (Male) |
| 7:05 | Create | Villager (Male) |
| 7:05 | Create | Villager (Male) |
| 7:05 | Create | Villager (Male) |
| 7:05 | Create | Villager (Male) |
| 7:59 | Create | Villager (Male) |
| 8:12 | Build | House |
| 8:12 | Build | House |
| 8:13 | Build | House |
| 8:13 | Build | House |
| 8:14 | Build | House |
| 8:14 | Build | House |
| 8:14 | Build | House |
| 8:55 | Create | Villager (Male) |
| 8:56 | Create | Villager (Male) |
| 8:56 | Create | Villager (Male) |
| 10:25 | Create | Villager (Male) |
| 11:14 | Build | Mill |
| 11:33 | Create | Villager (Male) |
| 11:50 | Research | Feudal Age |
| 11:53 | Create | Villager (Male) |
| 11:54 | Create | Villager (Male) |
| 12:06 | Build | House |
| 12:08 | Build | House |
| 12:10 | Build | House |
| 12:54 | Build | Mining Camp |
| 13:09 | Create | Villager (Male) |
| 13:09 | Create | Villager (Male) |
| 13:09 | Create | Villager (Male) |
| 13:10 | Create | Villager (Male) |
| 13:39 | Build | Barracks |
| 14:08 | Age | Feudal Age |
| 14:34 | Build | Market |
| 14:39 | Build | Blacksmith |
| 14:45 | Create | Villager (Male) |
| 14:45 | Create | Villager (Male) |
| 15:34 | Research | Castle Age |
| 16:38 | Research | Double-Bit Axe |
| 16:41 | Research | Horse Collar |
| 17:16 | Research | Wheelbarrow |
| 17:29 | Create | Villager (Male) |
| 17:29 | Create | Villager (Male) |
| 18:03 | Create | Villager (Male) |
| 18:03 | Create | Villager (Male) |
| 18:03 | Create | Villager (Male) |
| 18:03 | Create | Villager (Male) |
| 18:04 | Create | Villager (Male) |
| 18:14 | Age | Castle Age |
| 18:23 | Research | Bow Saw |
| 18:46 | Build | Outpost |
| 18:48 | Build | Outpost |
| 18:49 | Build | Outpost |
| 18:51 | Build | Outpost |
| 18:53 | Build | Outpost |
| 19:44 | Build | Farm |
| 19:45 | Build | Farm |
| 19:45 | Build | Farm |
| 19:46 | Build | Farm |
| 19:46 | Build | Farm |
| 19:47 | Build | Farm |
| 19:48 | Build | Farm |
| 19:49 | Build | Farm |
| 19:50 | Build | Farm |
| 20:33 | Build | Farm |
| 20:34 | Build | Farm |
| 20:35 | Build | Farm |
| 20:35 | Build | Farm |
| 20:37 | Build | Farm |
| 20:38 | Build | Farm |
| 20:39 | Build | Farm |
| 21:20 | Create | Villager (Male) |
| 21:20 | Create | Villager (Male) |
| 21:21 | Create | Villager (Male) |
| 21:44 | Create | Villager (Male) |
| 21:45 | Create | Villager (Male) |
| 21:55 | Build | Town Center |
| 22:15 | Build | Outpost |
| 22:28 | Create | Villager (Male) |
| 22:28 | Create | Villager (Male) |
| 22:28 | Create | Villager (Male) |
| 22:28 | Create | Villager (Male) |
| 22:29 | Create | Villager (Male) |
| 22:53 | Create | Villager (Male) |
| 22:53 | Create | Villager (Male) |
| 23:09 | Build | Outpost |
| 23:35 | Build | Town Center |
| 23:41 | Create | Villager (Male) ×5 |
| 23:41 | Create | Villager (Male) |
| 23:41 | Create | Villager (Male) |
| 23:42 | Create | Villager (Male) |
| 24:14 | Research | Heavy Plow |
| 24:58 | Research | Hand Cart |
| 25:17 | Create | Villager (Male) |
| 25:17 | Create | Villager (Male) |
| 25:17 | Create | Villager (Male) |
| 25:33 | Build | Mining Camp |
| 25:36 | Research | Stone Mining |
| 25:48 | Research | Gold Mining |
| 25:58 | Build | Farm |
| 25:58 | Build | Farm |
| 25:58 | Build | Farm |
| 25:59 | Build | Farm |
| 26:00 | Build | Farm |
| 26:01 | Build | Farm |
| 26:07 | Create | Villager (Male) |
| 26:08 | Create | Villager (Male) |
| 26:10 | Create | Villager (Male) |
| 26:11 | Create | Villager (Male) |
| 26:27 | Build | House |
| 26:28 | Build | House |
| 26:29 | Build | House |
| 26:30 | Build | House |
| 26:30 | Build | House |
| 26:31 | Build | House |
| 26:41 | Create | Villager (Male) |
| 26:42 | Create | Villager (Male) |
| 26:42 | Create | Villager (Male) |
| 26:42 | Create | Villager (Male) |
| 26:43 | Create | Villager (Male) |
| 26:44 | Create | Villager (Male) |
| 27:10 | Research | Gold Shaft Mining |
| 27:36 | Create | Villager (Male) |
| 27:36 | Create | Villager (Male) |
| 27:36 | Create | Villager (Male) |
| 27:37 | Create | Villager (Male) |
| 27:37 | Create | Villager (Male) |
| 27:56 | Build | Farm |
| 27:56 | Build | Farm |
| 27:57 | Build | Farm |
| 27:57 | Build | Farm |
| 27:57 | Build | Farm |
| 28:05 | Create | Villager (Male) |
| 28:05 | Create | Villager (Male) |
| 28:05 | Create | Villager (Male) |
Build order — 420Fighter
First 150 of 355 actions detected
| 1:54 | Build | Town Center |
| 2:08 | Build | House |
| 4:21 | Research | Loom |
| 5:06 | Build | House |
| 5:10 | Build | House |
| 5:23 | Create | Villager (Male) |
| 5:24 | Create | Villager (Male) |
| 5:24 | Create | Villager (Male) |
| 5:24 | Create | Villager (Male) |
| 5:25 | Create | Villager (Male) |
| 6:11 | Build | House |
| 6:21 | Build | House |
| 6:58 | Create | Villager (Male) |
| 7:34 | Create | Villager (Male) |
| 7:35 | Create | Villager (Male) |
| 8:24 | Create | Villager (Male) |
| 8:55 | Build | Lumber Camp |
| 9:02 | Create | Villager (Male) |
| 9:03 | Create | Villager (Male) |
| 10:40 | Create | Villager (Male) |
| 10:41 | Create | Villager (Male) |
| 10:41 | Create | Villager (Male) |
| 10:41 | Create | Villager (Male) |
| 11:39 | Build | Mining Camp |
| 11:58 | Create | Villager (Male) |
| 12:20 | Research | Feudal Age |
| 12:50 | Build | Mining Camp |
| 13:15 | Build | House |
| 14:19 | Build | House |
| 14:21 | Build | House |
| 14:24 | Build | House |
| 14:55 | Age | Feudal Age |
| 15:03 | Build | Blacksmith |
| 15:51 | Build | Mill |
| 16:09 | Build | Market |
| 16:30 | Research | Castle Age |
| 16:52 | Build | House |
| 16:54 | Build | House |
| 16:55 | Build | House |
| 19:04 | Create | Villager (Male) |
| 19:04 | Create | Villager (Male) |
| 19:04 | Create | Villager (Male) |
| 19:05 | Create | Villager (Male) |
| 19:05 | Create | Villager (Male) |
| 19:05 | Create | Villager (Male) |
| 19:05 | Create | Villager (Male) |
| 19:10 | Age | Castle Age |
| 19:13 | Build | Town Center |
| 19:31 | Build | House |
| 19:33 | Build | House |
| 19:34 | Build | House |
| 19:35 | Build | House |
| 19:38 | Build | House |
| 20:00 | Build | Palisade Wall |
| 20:09 | Create | Villager (Male) |
| 20:10 | Create | Villager (Male) |
| 20:10 | Create | Villager (Male) |
| 20:10 | Create | Villager (Male) |
| 20:10 | Create | Villager (Male) |
| 21:05 | Build | Lumber Camp |
| 21:18 | Create | Villager (Male) |
| 21:18 | Create | Villager (Male) |
| 21:19 | Create | Villager (Male) |
| 22:43 | Build | Town Center |
| 22:49 | Create | Villager (Male) |
| 22:50 | Create | Villager (Male) |
| 23:02 | Create | Villager (Male) |
| 23:02 | Create | Villager (Male) |
| 23:02 | Create | Villager (Male) |
| 23:30 | Create | Villager (Male) |
| 23:58 | Build | Mill |
| 24:23 | Create | Villager (Male) |
| 24:23 | Create | Villager (Male) |
| 24:56 | Build | Farm |
| 25:14 | Build | Farm |
| 25:19 | Build | Farm |
| 25:54 | Build | House |
| 25:57 | Build | House |
| 25:58 | Build | House |
| 26:00 | Build | House |
| 26:10 | Build | Farm |
| 26:16 | Build | Farm |
| 26:18 | Build | Farm |
| 26:22 | Build | Farm |
| 26:25 | Build | Farm |
| 26:27 | Build | Farm |
| 26:31 | Create | Villager (Male) |
| 26:32 | Create | Villager (Male) |
| 26:32 | Create | Villager (Male) |
| 26:45 | Create | Villager (Male) |
| 26:46 | Create | Villager (Male) |
| 26:46 | Create | Villager (Male) |
| 26:51 | Create | Villager (Male) |
| 26:51 | Create | Villager (Male) |
| 27:12 | Build | Farm |
| 27:13 | Build | Farm |
| 27:15 | Build | Farm |
| 27:19 | Build | Farm |
| 27:20 | Build | Farm |
| 27:22 | Build | Farm |
| 27:33 | Build | Lumber Camp |
| 27:48 | Research | Double-Bit Axe |
| 28:00 | Build | House |
| 28:02 | Build | House |
| 28:04 | Build | House |
| 28:05 | Build | House |
| 28:06 | Build | House |
| 28:08 | Build | House |
| 28:10 | Build | House |
| 28:11 | Build | House |
| 28:13 | Build | House |
| 28:14 | Build | House |
| 28:15 | Build | House |
| 28:31 | Create | Villager (Male) |
| 28:32 | Create | Villager (Male) |
| 28:32 | Create | Villager (Male) |
| 28:42 | Create | Villager (Male) |
| 28:58 | Research | Horse Collar |
| 29:15 | Create | Villager (Male) |
| 29:15 | Create | Villager (Male) |
| 29:58 | Build | Barracks |
| 31:12 | Build | Stable |
| 31:15 | Research | Arson |
| 31:21 | Research | Wheelbarrow |
| 31:24 | Research | Heavy Plow |
| 31:33 | Create | Villager (Male) |
| 31:33 | Create | Villager (Male) |
| 31:33 | Create | Villager (Male) |
| 31:50 | Create | Villager (Male) |
| 31:50 | Create | Villager (Male) |
| 31:51 | Create | Villager (Male) |
| 32:29 | Build | Outpost |
| 32:36 | Create | Villager (Male) |
| 32:37 | Create | Villager (Male) |
| 32:37 | Create | Villager (Male) |
| 32:48 | Create | Villager (Male) |
| 32:55 | Create | Villager (Male) |
| 32:58 | Create | Villager (Male) |
| 33:09 | Build | Farm |
| 33:16 | Build | Farm |
| 33:22 | Build | Farm |
| 33:29 | Build | Farm |
| 33:41 | Build | Farm |
| 33:42 | Build | Farm |
| 33:44 | Build | Farm |
| 33:46 | Build | Farm |
| 34:04 | Build | Farm |
| 34:07 | Build | Farm |
| 34:09 | Build | Farm |
| 34:11 | Build | Farm |
Build order — TheAoe2
First 150 of 655 actions detected
| 0:06 | Build | House |
| 0:07 | Build | House |
| 1:14 | Build | Town Center |
| 3:09 | Research | Loom |
| 3:09 | Create | Villager (Male) ×4 |
| 3:10 | Create | Villager (Male) ×4 |
| 4:01 | Build | Lumber Camp |
| 4:04 | Build | House |
| 4:05 | Build | House |
| 4:36 | Create | Villager (Male) |
| 4:38 | Create | Villager (Male) |
| 5:28 | Create | Villager (Male) |
| 5:28 | Create | Villager (Male) |
| 5:29 | Create | Villager (Male) |
| 5:57 | Create | Villager (Male) |
| 6:39 | Create | Villager (Male) |
| 7:10 | Create | Villager (Male) |
| 7:16 | Build | Mill |
| 7:34 | Create | Villager (Male) |
| 7:34 | Create | Villager (Male) |
| 7:50 | Build | House |
| 7:52 | Build | House |
| 8:51 | Create | Villager (Male) |
| 9:02 | Create | Villager (Male) |
| 9:21 | Build | Mining Camp |
| 9:23 | Create | Villager (Male) |
| 9:50 | Create | Villager (Male) |
| 9:57 | Build | House |
| 10:04 | Create | Villager (Male) |
| 10:44 | Create | Villager (Male) |
| 10:53 | Build | Mill |
| 11:07 | Research | Feudal Age |
| 11:07 | Research | Feudal Age |
| 12:36 | Create | Villager (Male) |
| 13:39 | Age | Feudal Age |
| 13:40 | Build | Mining Camp |
| 13:44 | Create | Villager (Male) |
| 13:48 | Create | Villager (Male) |
| 13:55 | Research | Double-Bit Axe |
| 13:55 | Research | Double-Bit Axe |
| 14:11 | Create | Villager (Male) |
| 14:42 | Create | Villager (Male) |
| 14:53 | Build | Lumber Camp |
| 14:59 | Create | Villager (Male) |
| 15:12 | Research | Horse Collar |
| 15:39 | Create | Villager (Male) |
| 16:34 | Create | Villager (Male) |
| 16:41 | Build | House |
| 16:42 | Build | House |
| 16:43 | Build | House |
| 16:44 | Build | House |
| 16:53 | Build | Blacksmith |
| 16:55 | Build | Market |
| 17:01 | Build | Farm |
| 17:01 | Build | Farm |
| 17:01 | Build | Farm |
| 17:02 | Build | Farm |
| 17:04 | Create | Villager (Male) |
| 17:09 | Create | Villager (Male) |
| 17:35 | Build | Farm |
| 17:37 | Research | Castle Age |
| 17:37 | Research | Castle Age |
| 17:43 | Research | Forging |
| 17:43 | Research | Forging |
| 17:44 | Research | Scale Barding Armor |
| 17:56 | Build | Stable |
| 18:14 | Build | House |
| 18:14 | Build | House |
| 18:19 | Build | House |
| 18:19 | Build | House |
| 18:20 | Build | House |
| 18:23 | Create | Scout Cavalry |
| 18:24 | Create | Scout Cavalry |
| 18:29 | Build | Stable |
| 18:30 | Build | Stable |
| 18:46 | Build | Lumber Camp |
| 19:00 | Create | Scout Cavalry |
| 19:07 | Research | Wheelbarrow |
| 19:07 | Research | Wheelbarrow |
| 19:08 | Create | Villager (Male) |
| 19:11 | Research | Gold Mining |
| 19:12 | Research | Gold Mining |
| 20:04 | Build | Farm |
| 20:10 | Build | Farm |
| 20:13 | Build | Farm |
| 20:15 | Build | Farm |
| 20:34 | Age | Castle Age |
| 20:46 | Research | Bow Saw |
| 20:47 | Research | Bow Saw |
| 20:59 | Research | Heavy Plow |
| 21:00 | Research | Heavy Plow |
| 21:04 | Build | Town Center |
| 21:14 | Build | Town Center |
| 21:26 | Create | Villager (Male) |
| 21:38 | Create | Villager (Male) |
| 21:41 | Build | Farm |
| 21:45 | Build | Farm |
| 21:51 | Build | Farm |
| 22:11 | Build | Farm |
| 22:12 | Create | Villager (Male) |
| 22:32 | Research | Stone Mining |
| 22:32 | Research | Stone Mining |
| 22:41 | Build | Farm |
| 22:41 | Create | Villager (Male) |
| 22:42 | Create | Villager (Male) |
| 22:47 | Build | Farm |
| 22:50 | Build | Farm |
| 22:52 | Create | Villager (Male) |
| 23:10 | Create | Villager (Male) |
| 23:10 | Create | Villager (Male) |
| 23:11 | Create | Villager (Male) |
| 23:14 | Build | Farm |
| 23:17 | Build | Farm |
| 23:21 | Build | Farm |
| 23:24 | Build | Farm |
| 23:27 | Build | Farm |
| 23:40 | Create | Villager (Male) |
| 23:41 | Create | Villager (Male) |
| 23:43 | Create | Villager (Male) |
| 23:43 | Create | Villager (Male) |
| 23:56 | Build | Farm |
| 24:00 | Build | Farm |
| 24:11 | Build | Farm |
| 24:16 | Research | Light Cavalry (upgrade) |
| 24:17 | Research | Light Cavalry (upgrade) |
| 24:19 | Create | Villager (Male) |
| 24:20 | Create | Villager (Male) |
| 24:20 | Create | Villager (Male) |
| 24:27 | Build | Farm |
| 24:30 | Build | Farm |
| 24:39 | Build | Town Center |
| 24:50 | Build | Farm |
| 24:54 | Build | Farm |
| 24:55 | Create | Villager (Male) |
| 24:56 | Create | Villager (Male) |
| 24:56 | Create | Villager (Male) |
| 24:56 | Create | Villager (Male) |
| 24:59 | Create | Villager (Male) |
| 24:59 | Create | Villager (Male) |
| 24:59 | Create | Villager (Male) |
| 25:15 | Build | Castle |
| 25:33 | Research | Gold Shaft Mining |
| 25:40 | Build | Farm |
| 25:43 | Create | Villager (Male) |
| 25:43 | Create | Villager (Male) |
| 25:43 | Create | Villager (Male) |
| 25:43 | Create | Villager (Male) |
| 25:46 | Create | Villager (Male) |
| 25:46 | Create | Villager (Male) |
| 25:55 | Create | Villager (Male) |
Build order — XCARLOSMATIAS
35 actions detected in the replay
| 0:08 | Build | Town Center |
| 1:30 | Build | Mining Camp |
| 2:02 | Build | Lumber Camp |
| 2:11 | Create | Villager (Male) |
| 2:11 | Create | Villager (Male) |
| 3:49 | Build | House |
| 4:35 | Create | Villager (Male) |
| 4:35 | Create | Villager (Male) |
| 4:35 | Create | Villager (Male) |
| 4:37 | Build | House |
| 4:51 | Build | House |
| 5:40 | Build | House |
| 7:43 | Create | Villager (Male) |
| 7:44 | Create | Villager (Male) |
| 7:44 | Create | Villager (Male) |
| 7:44 | Create | Villager (Male) |
| 7:53 | Build | Lumber Camp |
| 9:13 | Create | Villager (Male) |
| 9:13 | Create | Villager (Male) |
| 9:37 | Create | Villager (Male) |
| 10:03 | Build | Mill |
| 10:45 | Build | House |
| 11:31 | Create | Villager (Male) |
| 11:32 | Create | Villager (Male) |
| 12:48 | Research | Loom |
| 12:53 | Research | Feudal Age |
| 13:11 | Build | Mining Camp |
| 15:03 | Age | Feudal Age |
| 15:14 | Build | Blacksmith |
| 15:19 | Build | Market |
| 16:32 | Research | Castle Age |
| 16:53 | Build | Mining Camp |
| 19:12 | Age | Castle Age |
| 19:21 | Build | Town Center |
| 20:00 | Build | Barracks |
Build order — Kingslayer
First 150 of 456 actions detected
| 0:22 | Build | House |
| 0:23 | Build | House |
| 0:24 | Build | House |
| 2:01 | Build | Town Center |
| 4:51 | Create | Villager (Male) |
| 4:51 | Create | Villager (Male) |
| 4:52 | Create | Villager (Male) |
| 4:52 | Create | Villager (Male) |
| 7:11 | Create | Villager (Male) |
| 7:11 | Create | Villager (Male) |
| 7:19 | Build | Mule Cart |
| 9:23 | Create | Villager (Male) |
| 9:24 | Create | Villager (Male) |
| 9:24 | Create | Villager (Male) |
| 9:24 | Create | Villager (Male) |
| 9:30 | Build | Mill |
| 10:14 | Build | House |
| 10:15 | Build | House |
| 10:38 | Research | Loom |
| 10:59 | Create | Villager (Male) |
| 11:50 | Create | Villager (Male) |
| 13:24 | Research | Feudal Age |
| 13:30 | Build | Mule Cart |
| 14:20 | Create | Villager (Male) |
| 14:20 | Create | Villager (Male) |
| 14:53 | Build | Barracks |
| 14:55 | Create | Villager (Male) |
| 15:12 | Create | Villager (Male) |
| 15:12 | Create | Villager (Male) |
| 15:34 | Age | Feudal Age |
| 15:46 | Build | Market |
| 15:52 | Build | Blacksmith |
| 16:06 | Create | Villager (Male) |
| 16:20 | Build | Mule Cart |
| 17:23 | Create | Villager (Male) |
| 17:39 | Build | Stable |
| 18:04 | Research | Castle Age |
| 18:16 | Create | Villager (Male) |
| 18:40 | Create | Villager (Male) |
| 18:47 | Research | Double-Bit Axe |
| 18:58 | Build | House |
| 18:59 | Build | House |
| 19:42 | Research | Stone Mining |
| 19:43 | Research | Gold Mining |
| 20:12 | Research | Horse Collar |
| 20:44 | Age | Castle Age |
| 20:53 | Create | Villager (Male) |
| 21:00 | Research | Bow Saw |
| 21:04 | Create | Villager (Male) |
| 21:39 | Build | Farm |
| 21:39 | Build | Farm |
| 21:47 | Build | Farm |
| 22:11 | Build | Castle |
| 22:31 | Build | Farm |
| 22:35 | Build | Farm |
| 22:38 | Build | Farm |
| 22:46 | Build | Farm |
| 22:51 | Build | Farm |
| 22:54 | Create | Villager (Male) |
| 22:54 | Create | Villager (Male) |
| 23:27 | Build | Town Center |
| 23:34 | Build | Farm |
| 23:40 | Research | Wheelbarrow |
| 23:56 | Build | Stone Wall |
| 24:00 | Build | Gate |
| 24:06 | Create | Villager (Male) |
| 24:14 | Build | Farm |
| 24:19 | Build | Farm |
| 24:23 | Build | Farm |
| 24:28 | Create | Villager (Male) |
| 24:38 | Build | Farm |
| 24:43 | Create | Villager (Male) |
| 25:14 | Create | Villager (Male) |
| 25:21 | Build | Monastery |
| 25:29 | Research | Fletching |
| 25:32 | Create | Villager (Male) |
| 26:06 | Create | Villager (Male) |
| 26:07 | Create | Villager (Male) |
| 26:08 | Create | Villager (Male) |
| 26:16 | Create | Villager (Male) |
| 26:27 | Create | Monk |
| 26:36 | Build | House |
| 26:37 | Build | House |
| 26:37 | Build | House |
| 26:38 | Build | House |
| 26:42 | Create | Villager (Male) |
| 26:51 | Build | Town Center |
| 26:54 | Create | Villager (Male) |
| 26:55 | Create | Villager (Male) |
| 27:12 | Build | Stone Wall |
| 27:17 | Build | Stone Wall |
| 27:32 | Build | Farm |
| 27:49 | Build | Stone Wall |
| 28:40 | Research | Heavy Plow |
| 29:19 | Build | Stone Wall |
| 29:34 | Research | Imperial Age |
| 29:42 | Build | Stone Wall |
| 29:47 | Build | Gate |
| 30:02 | Create | Villager (Male) |
| 30:03 | Create | Villager (Male) |
| 30:04 | Create | Villager (Male) |
| 30:05 | Create | Villager (Male) |
| 30:05 | Create | Villager (Male) |
| 30:21 | Research | Bloodlines |
| 30:31 | Build | Farm |
| 30:35 | Build | Farm |
| 30:39 | Build | Farm |
| 30:41 | Build | Farm |
| 30:44 | Build | Farm |
| 30:47 | Build | Farm |
| 30:49 | Create | Villager (Male) |
| 30:50 | Create | Villager (Male) |
| 31:06 | Create | Villager (Male) |
| 31:09 | Create | Villager (Male) |
| 31:09 | Create | Villager (Male) |
| 31:29 | Create | Villager (Male) |
| 31:49 | Research | Town Watch |
| 31:52 | Create | Villager (Male) |
| 31:58 | Build | University |
| 32:00 | Create | Villager (Male) |
| 32:13 | Build | Archery Range |
| 32:14 | Build | Archery Range |
| 32:15 | Build | Archery Range |
| 32:22 | Research | Gambesons |
| 32:22 | Research | Squires |
| 32:44 | Create | Villager (Male) |
| 32:44 | Age | Imperial Age |
| 32:44 | Create | Villager (Male) |
| 32:49 | Create | Villager (Male) |
| 32:52 | Create | Villager (Male) |
| 32:59 | Build | Market |
| 33:05 | Create | Villager (Male) |
| 33:05 | Create | Villager (Male) |
| 33:21 | Build | Town Center |
| 33:29 | Create | Villager (Male) |
| 33:29 | Create | Villager (Male) |
| 33:41 | Research | Ballistics |
| 33:57 | Build | Farm |
| 33:58 | Build | Farm |
| 34:06 | Research | Arson |
| 34:17 | Create | Villager (Male) |
| 34:17 | Create | Villager (Male) |
| 34:18 | Create | Villager (Male) |
| 34:20 | Create | Villager (Male) |
| 34:21 | Create | Villager (Male) |
| 34:21 | Create | Villager (Male) |
| 34:26 | Create | Villager (Male) |
| 34:26 | Create | Villager (Male) |
| 34:42 | Build | Market |
| 34:45 | Research | Caravan |
Build order — AiM | Facu1414
First 150 of 913 actions detected
| 0:44 | Build | Town Center |
| 3:18 | Create | Villager (Male) ×4 |
| 3:18 | Create | Villager (Male) ×4 |
| 3:20 | Build | House |
| 4:22 | Build | House |
| 4:23 | Build | House |
| 6:22 | Create | Villager (Male) |
| 6:22 | Create | Villager (Male) |
| 6:41 | Create | Villager (Male) |
| 6:41 | Create | Villager (Male) |
| 7:14 | Research | Loom |
| 7:16 | Build | House |
| 7:34 | Create | Villager (Male) |
| 7:35 | Create | Villager (Male) |
| 7:35 | Create | Villager (Male) |
| 8:38 | Create | Villager (Male) |
| 8:38 | Create | Villager (Male) |
| 8:55 | Build | House |
| 9:17 | Create | Villager (Male) ×2 |
| 9:18 | Create | Villager (Male) ×2 |
| 9:34 | Build | House |
| 9:52 | Build | House |
| 10:16 | Build | House |
| 10:17 | Build | House |
| 10:21 | Create | Villager (Male) |
| 10:21 | Create | Villager (Male) |
| 10:21 | Create | Villager (Male) |
| 10:21 | Create | Villager (Male) |
| 10:30 | Build | Mill |
| 10:46 | Build | Mill |
| 11:02 | Build | House |
| 11:07 | Build | Palisade Wall |
| 11:09 | Build | Palisade Wall |
| 11:17 | Create | Villager (Male) ×5 |
| 11:28 | Build | Mining Camp |
| 11:32 | Build | Mill |
| 11:42 | Build | House |
| 11:44 | Build | House |
| 12:56 | Create | Villager (Male) |
| 13:40 | Build | House |
| 13:58 | Research | Feudal Age |
| 14:13 | Create | Villager (Male) ×5 |
| 14:47 | Build | Farm |
| 14:47 | Build | Farm |
| 14:47 | Build | Farm |
| 14:47 | Build | Farm |
| 14:48 | Build | Farm |
| 14:48 | Build | Farm |
| 14:48 | Build | Farm |
| 14:48 | Build | Farm |
| 14:49 | Build | Farm |
| 15:06 | Build | Farm |
| 15:46 | Create | Villager (Male) |
| 15:46 | Create | Villager (Male) |
| 16:16 | Age | Feudal Age |
| 16:17 | Build | Market |
| 16:20 | Build | Blacksmith |
| 16:52 | Build | Lumber Camp |
| 16:55 | Research | Castle Age |
| 16:56 | Research | Castle Age |
| 17:36 | Build | Mining Camp |
| 18:15 | Research | Town Watch |
| 18:22 | Build | Outpost |
| 18:24 | Build | Outpost |
| 18:26 | Build | Outpost |
| 18:28 | Build | Outpost |
| 18:29 | Build | Outpost |
| 18:30 | Build | Outpost |
| 18:32 | Build | Outpost |
| 18:36 | Build | Outpost |
| 18:37 | Build | Outpost |
| 18:39 | Build | Outpost |
| 18:41 | Build | Outpost |
| 18:42 | Build | Outpost |
| 18:44 | Build | Outpost |
| 18:45 | Build | Outpost |
| 18:46 | Build | Outpost |
| 18:48 | Build | Outpost |
| 18:49 | Build | Outpost |
| 18:52 | Build | Outpost |
| 18:53 | Build | Outpost |
| 18:56 | Build | Outpost |
| 18:59 | Build | Outpost |
| 19:01 | Build | Outpost |
| 19:03 | Build | Outpost |
| 19:06 | Build | Outpost |
| 19:08 | Build | Outpost |
| 19:11 | Build | Outpost |
| 19:15 | Build | Outpost |
| 19:17 | Build | Outpost |
| 19:21 | Build | Outpost |
| 19:23 | Build | Outpost |
| 19:24 | Build | Outpost |
| 19:26 | Build | Outpost |
| 19:29 | Build | Outpost |
| 19:31 | Build | Outpost |
| 19:32 | Build | Outpost |
| 19:38 | Create | Villager (Male) |
| 19:39 | Create | Villager (Male) |
| 19:39 | Create | Villager (Male) |
| 19:40 | Research | Double-Bit Axe |
| 19:46 | Age | Castle Age |
| 19:56 | Build | Town Center |
| 20:19 | Research | Town Patrol |
| 20:19 | Research | Wheelbarrow |
| 20:38 | Research | Bow Saw |
| 21:00 | Create | Villager (Male) |
| 21:33 | Create | Villager (Male) |
| 21:33 | Create | Villager (Male) |
| 21:34 | Create | Villager (Male) |
| 21:55 | Build | Town Center |
| 22:03 | Create | Villager (Male) |
| 22:08 | Build | House |
| 22:09 | Build | House |
| 22:11 | Build | House |
| 22:13 | Build | Palisade Wall |
| 22:14 | Build | Palisade Wall |
| 22:17 | Build | House |
| 22:18 | Build | House |
| 22:27 | Build | House |
| 22:28 | Build | House |
| 22:33 | Create | Villager (Male) ×5 |
| 22:57 | Create | Villager (Male) |
| 23:25 | Build | Krepost |
| 23:35 | Create | Villager (Male) |
| 23:35 | Create | Villager (Male) |
| 23:35 | Create | Villager (Male) |
| 23:36 | Create | Villager (Male) |
| 23:40 | Build | Town Center |
| 23:59 | Create | Villager (Male) |
| 23:59 | Create | Villager (Male) |
| 24:09 | Research | Horse Collar |
| 24:21 | Create | Villager (Male) |
| 24:22 | Create | Villager (Male) |
| 24:27 | Build | Farm |
| 24:27 | Build | Farm |
| 24:27 | Build | Farm |
| 24:30 | Create | Villager (Male) |
| 25:01 | Create | Villager (Male) ×4 |
| 25:02 | Create | Villager (Male) ×4 |
| 25:08 | Build | Farm |
| 25:08 | Build | Farm |
| 25:09 | Build | Farm |
| 25:09 | Build | Farm |
| 25:25 | Create | Villager (Male) |
| 25:25 | Create | Villager (Male) |
| 25:31 | Build | Farm |
| 25:32 | Build | Farm |
| 25:33 | Build | Farm |
| 25:35 | Create | Villager (Male) |
Match timeline
| 2:30 | Kingslayer · tribute_sent a jugador 1 |
| 2:30 | Kingslayer · tribute_sent a jugador 2 |
| 2:30 | Kingslayer · tribute_sent a jugador 3 |
| 2:30 | Kingslayer · tribute_sent a jugador 4 |
| 2:30 | Kingslayer · tribute_sent a jugador 5 |
| 2:30 | Kingslayer · tribute_sent a jugador 7 |
| 2:30 | Kingslayer · tribute_sent a jugador 8 |
| 3:58 | AiM | Facu1414 · tribute_sent a jugador 1 |
| 3:58 | AiM | Facu1414 · tribute_sent a jugador 2 |
| 3:58 | AiM | Facu1414 · tribute_sent a jugador 3 |
| 3:58 | AiM | Facu1414 · tribute_sent a jugador 4 |
| 3:58 | AiM | Facu1414 · tribute_sent a jugador 5 |
| 3:58 | AiM | Facu1414 · tribute_sent a jugador 6 |
| 3:58 | AiM | Facu1414 · tribute_sent a jugador 7 |
| 6:43 | A · tribute_sent a jugador 2 |
| 6:43 | A · tribute_sent a jugador 3 |
| 6:43 | A · tribute_sent a jugador 4 |
| 6:43 | A · tribute_sent a jugador 5 |
| 6:44 | A · tribute_sent a jugador 6 |
| 6:44 | A · tribute_sent a jugador 7 |
| 6:44 | A · tribute_sent a jugador 8 |
| 11:07 | AiM | Facu1414 · wall_segment Palisade Wall x1 |
| 11:09 | AiM | Facu1414 · wall_segment Palisade Wall x1 |
| 12:20 | Fia Sare · first_building Barracks |
| 13:39 | FutileCrane · first_building Barracks |
| 13:39 | TheAoe2 · age_up feudal |
| 13:56 | A · age_up feudal |
| 14:08 | Kingslayer · tribute_sent a jugador 1 |
| 14:08 | Kingslayer · tribute_sent a jugador 2 |
| 14:08 | Kingslayer · tribute_sent a jugador 3 |
| 14:08 | Kingslayer · tribute_sent a jugador 4 |
| 14:08 | Kingslayer · tribute_sent a jugador 5 |
| 14:08 | Kingslayer · tribute_sent a jugador 7 |
| 14:08 | Kingslayer · tribute_sent a jugador 8 |
| 14:08 | FutileCrane · age_up feudal |
| 14:10 | Fia Sare · wall_segment Palisade Wall x11 |
| 14:23 | Fia Sare · age_up feudal |
| 14:53 | Kingslayer · first_building Barracks |
| 14:55 | 420Fighter · age_up feudal |
| 15:03 | XCARLOSMATIAS · age_up feudal |
| 15:34 | Kingslayer · age_up feudal |
| 16:16 | AiM | Facu1414 · age_up feudal |
| 16:26 | A · first_building Barracks |
| 16:29 | XCARLOSMATIAS · first_market_buy 100 food |
| 16:44 | Fia Sare · first_market_buy 100 food |
| 16:46 | Fia Sare · first_market_sell 100 wood |
| 16:52 | A · resign |
| 17:39 | Kingslayer · first_building Stable |
| 17:56 | TheAoe2 · first_building Stable |
| 17:59 | Kingslayer · first_market_sell 100 wood |
| 18:14 | FutileCrane · age_up castle |
| 19:10 | 420Fighter · age_up castle |
| 19:12 | XCARLOSMATIAS · age_up castle |
| 19:46 | AiM | Facu1414 · age_up castle |
| 19:46 | AiM | Facu1414 · first_market_buy 500 wood |
| 19:51 | AiM | Facu1414 · first_market_sell 100 stone |
| 20:00 | 420Fighter · wall_segment Palisade Wall x12 |
| 20:00 | XCARLOSMATIAS · first_building Barracks |
| 20:04 | Fia Sare · age_up castle |
| 20:10 | Kingslayer · first_market_buy 100 food |
| 20:31 | Fia Sare · first_building Monastery |
| 20:34 | TheAoe2 · age_up castle |
| 20:44 | Kingslayer · age_up castle |
| 20:56 | TheAoe2 · first_market_sell 100 wood |
| 20:57 | TheAoe2 · first_market_buy 100 food |
| 22:11 | Kingslayer · first_building Castle |
| 22:13 | AiM | Facu1414 · wall_segment Palisade Wall x1 |
| 22:14 | AiM | Facu1414 · wall_segment Palisade Wall x1 |
| 23:25 | AiM | Facu1414 · first_building Krepost |
| 23:29 | FutileCrane · first_market_sell 100 wood |
| 23:30 | FutileCrane · first_market_buy 100 stone |
| 23:56 | Kingslayer · wall_segment Stone Wall x9 |
| 25:15 | TheAoe2 · first_building Castle |
| 25:21 | Kingslayer · first_building Monastery |
| 25:55 | AiM | Facu1414 · wall_segment Palisade Wall x1 |
| 26:01 | AiM | Facu1414 · wall_segment Palisade Wall x1 |
| 26:34 | AiM | Facu1414 · wall_segment Stone Wall x19 |
| 26:59 | TheAoe2 · wall_segment Stone Wall x16 |
| 27:12 | Kingslayer · wall_segment Stone Wall x18 |
| 27:17 | Kingslayer · wall_segment Stone Wall x7 |
| 27:48 | TheAoe2 · first_building Monastery |
| 27:49 | Kingslayer · wall_segment Stone Wall x7 |
| 28:40 | AiM | Facu1414 · wall_segment Stone Wall x19 |
| 29:19 | Kingslayer · wall_segment Stone Wall x4 |
| 29:33 | Fia Sare · first_building Castle |
| 29:42 | Kingslayer · wall_segment Stone Wall x18 |
| 29:58 | 420Fighter · first_building Barracks |
| 30:03 | TheAoe2 · wall_segment Stone Wall x17 |
| 30:08 | TheAoe2 · wall_segment Stone Wall x16 |
| 30:43 | FutileCrane · first_building Castle |
| 31:12 | 420Fighter · first_building Stable |
| 32:13 | Kingslayer · first_building Archery Range |
| 32:19 | AiM | Facu1414 · wall_segment Palisade Wall x1 |
| 32:44 | Kingslayer · age_up imperial |
| 34:01 | AiM | Facu1414 · first_building Castle |
| 35:24 | TheAoe2 · wall_segment Stone Wall x16 |
| 35:30 | TheAoe2 · wall_segment Stone Wall x27 |
| 35:32 | Fia Sare · age_up imperial |
| 35:34 | TheAoe2 · wall_segment Stone Wall x8 |
| 35:36 | TheAoe2 · wall_segment Stone Wall x7 |
| 35:39 | TheAoe2 · wall_segment Stone Wall x10 |
| 35:42 | TheAoe2 · wall_segment Stone Wall x12 |
| 37:14 | FutileCrane · age_up imperial |
| 37:30 | AiM | Facu1414 · first_building Barracks |
| 37:37 | TheAoe2 · age_up imperial |
| 38:04 | 420Fighter · first_building Monastery |
| 38:28 | AiM | Facu1414 · first_building Stable |
| 39:43 | TheAoe2 · wall_segment Stone Wall x15 |
| 39:49 | TheAoe2 · wall_segment Stone Wall x19 |
| 39:53 | FutileCrane · first_building Monastery |
| 39:54 | TheAoe2 · wall_segment Stone Wall x22 |
| 39:58 | TheAoe2 · wall_segment Stone Wall x20 |
| 41:06 | AiM | Facu1414 · age_up imperial |
| 41:45 | AiM | Facu1414 · first_building Monastery |
| 43:21 | 420Fighter · age_up imperial |
| 44:13 | AiM | Facu1414 · wall_segment Stone Wall x16 |
| 46:20 | 420Fighter · wall_segment Stone Wall x12 |
| 46:34 | 420Fighter · wall_segment Stone Wall x18 |
| 46:45 | 420Fighter · wall_segment Stone Wall x19 |
| 46:45 | TheAoe2 · wall_segment Stone Wall x8 |
| 46:50 | TheAoe2 · wall_segment Stone Wall x19 |
| 46:54 | TheAoe2 · wall_segment Stone Wall x16 |
| 46:54 | 420Fighter · wall_segment Stone Wall x15 |
| 46:59 | TheAoe2 · wall_segment Stone Wall x25 |
| 47:02 | TheAoe2 · wall_segment Stone Wall x3 |
| 47:05 | TheAoe2 · wall_segment Stone Wall x11 |
| 47:12 | TheAoe2 · wall_segment Stone Wall x25 |
| 47:18 | TheAoe2 · wall_segment Stone Wall x22 |
| 47:19 | 420Fighter · wall_segment Stone Wall x12 |
| 50:48 | 420Fighter · wall_segment Stone Wall x20 |
| 51:38 | TheAoe2 · first_building Siege Workshop |
| 51:44 | Kingslayer · first_building Siege Workshop |
| 56:22 | TheAoe2 · wall_segment Stone Wall x13 |
| 56:25 | TheAoe2 · wall_segment Stone Wall x6 |
| 56:28 | TheAoe2 · wall_segment Stone Wall x8 |
[ AI ANALYSIS · 1 CREDIT ]
What really happened in this match?
Wolo.gg analyzes every decision: build order, eco, micro, common mistakes by bracket. Personalized analysis on WhatsApp or Discord in 30 seconds.
Civ guide
Aztecs
Perfil
Jugador #21756901